 Dungeon Crawl Stone Soup version 0.14-a0-226-gcf818b1 (webtiles) character file.

133 Malachi the Distorting Demonspawn (level 4, -2/34 HPs)
             Began as a Demonspawn Abyssal Knight on Oct 10, 2013.
             Was a Believer of Lugonu.
             Slain by Ijyb (3 damage)
             ... on Level 2 of the Dungeon.
             The game lasted 00:02:58 (1961 turns).

Malachi the Distorting Demonspawn (DsAK)            Turns: 1961, Time: 00:02:58

HP  -2/34        AC  5     Str 12      XL: 4   Next:  5%
MP   6/6         EV 10     Int 14      God: Lugonu [**....]
Gold 62          SH  0     Dex 13      Spells:  0 memorised,  3 levels left

Res.Fire  : . . .   See Invis. : .   a - +2 spear
Res.Cold  : . . .   Warding    : .   b - +0 leather armour
Life Prot.: . . .   Conserve   : .   (no shield)
Res.Poison: .       Res.Corr.  : .   (helmet restricted)
Res.Elec. : .       Clarity    : .   (no cloak)
Sust.Abil.: . .     Spirit.Shd : .   (no gloves)
Res.Mut.  : .       Stasis     : .   (no boots)
Res.Rott. : .       Flight     : .   (no amulet)
Saprovore : . . .                    (no ring)
                                     (no ring)

@: slightly resistant to hostile enchantments, very unstealthy
A: antennae 2, AC +2
a: Depart the Abyss, Bend Space, Renounce Religion


You were on level 2 of the Dungeon.
You worshipped Lugonu.
Lugonu was pleased with you.
You were near starving.

You visited 1 branch of the dungeon, and saw 2 of its levels.
You visited the Abyss 1 time.

You collected 42 gold pieces.

Inventory:

Hand weapons
 a - a +2,+2 spear (weapon)
Missiles
 j - 7 tomahawks (quivered)
Armour
 b - a +0 leather armour (worn)
Comestibles
 c - a bread ration
Scrolls
 d - a scroll of curse jewellery {unknown}
 e - a scroll of fog {unknown}
 h - 3 scrolls of remove curse {unknown}
 l - a scroll of blinking {unknown}
Potions
 f - a potion of restore abilities {unknown}
 g - a potion of porridge {unknown}
 i - a potion of agility {unknown}
 k - 2 potions of paralysis {unknown}
 m - a potion of brilliance {unknown}
 n - a potion of magic {unknown}


   Skills:
 - Level 3.3 Fighting
 * Level 3.0 Polearms
 + Level 0.1 Throwing
 - Level 1.8 Armour
 - Level 1.0 Dodging
 * Level 3.6 Invocations


You had 3 spell levels left.
You didn't know any spells.

Dungeon Overview and Level Annotations

Branches:
Dungeon (2/27)

Altars:

Annotations:
D:2 Ijyb


Innate Abilities, Weirdness & Mutations

You have a pair of antennae on your head.
You are partially covered in thin metallic scales (AC +2).


Message History

Ijyb closely misses you.
You closely miss Ijyb.
Ijyb is almost dead.
Ijyb hits you.
* * * LOW HITPOINT WARNING * * *
You closely miss Ijyb.
Ijyb is almost dead.
Ijyb hits you but does no damage.
You closely miss Ijyb.
Ijyb is almost dead.
Ijyb hits you.
* * * LOW HITPOINT WARNING * * *
You closely miss Ijyb.
Ijyb is almost dead.
Ijyb hits you.
* * * LOW HITPOINT WARNING * * *
You barely miss Ijyb.
Ijyb is almost dead.
Ijyb hits you.
You die...

#.# #.# #.##.#
##.#########..>##.##.#
$..>.................# #########
##.#...).............# #........
#....................####........
.........<.......................
.........g..............#........
#..#......{{#.#.g..#.##.#........
#..#.#####.##.#.@..#.##.#........
...................#.##.####)####
.......###.##.####.#.##)# #.#
....... #.##.# #.#.##.# #>#
......###.##.####.#.##.####.# ...
........................# .
####.##.####.#(##.###### #.##[#
#.#.##.# #>#####.##.####.#.##.#


You could see Ijyb.

Vanquished Creatures
  2 adders (D:2)
  A giant mite (D:1)
  A worm (D:2)
  An ooze (D:1)
  7 bats (D:1)
  A giant cockroach (D:1)
  6 hobgoblins
  8 kobolds
  A ball python (D:1)
  A giant gecko (D:1)
  A giant newt (D:1)
  6 goblins
  6 rats
42 creatures vanquished.

Notes
Turn   | Place    | Note
--------------------------------------------------------------
     0 | Abyss:1  | Malachi, the Demonspawn Abyssal Knight, began the quest for the Orb.
     0 | Abyss:1  | Reached XP level 1. HP: 16/16 MP: 1/1
    28 | Abyss:1  | Noticed a rakshasa
    29 | D:1      | Escaped the Abyss
    92 | D:1      | Acquired Lugonu's first power
   147 | D:1      | Gained mutation: You have a pair of small antennae on your head. [demonic ancestry]
   147 | D:1      | Reached XP level 2. HP: 22/22 MP: 2/2
   233 | D:1      | Reached skill level 1 in Dodging
   830 | D:1      | Gained mutation: You have a pair of antennae on your head. [demonic ancestry]
   830 | D:1      | Reached XP level 3. HP: 15/28 MP: 2/4
   835 | D:1      | Acquired Lugonu's second power
  1715 | D:2      | Noticed Ijyb
  1932 | D:2      | Gained mutation: You are partially covered in thin metallic scales (AC +2). [demonic ancestry]
  1932 | D:2      | Reached XP level 4. HP: 13/34 MP: 6/6
  1960 | D:2      | HP: 1/34 [Ijyb (1)]
  1961 | D:2      | Slain by Ijyb

Action                   |  1- 3 |  4- 6 || total
-------------------------+-------+-------++-------
Melee: Spear             |   149 |    28 ||   177
Throw: Tomahawk          |     1 |       ||     1
Invok: Depart the Abyss  |     1 |       ||     1
